 Dungeon Crawl Stone Soup version 0.29-a0-275-g389c0b56f3 (webtiles) character file.

Game seed: 5716333855029696252

4259 sammy202020 the Fighter (level 10, -4/91 HPs)
             Began as a Minotaur Fighter on Mar 13, 2022.
             Was an Initiate of Trog.
             Killed from afar by an electric eel (9 damage)
             ... with a bolt of electricity
             ... on level 8 of the Dungeon.
             The game lasted 00:14:58 (7854 turns).

sammy202020 the Fighter (Minotaur Fighter)          Turns: 7854, Time: 00:14:59

Health: -4/91      AC: 16    Str: 20    XL:     10   Next: 10%
Magic:  0/9        EV:  7    Int:  9    God:    Trog [......]
Gold:   454        SH:  5    Dex:  7    Spells: 9/9 levels left

rFire   . . .      SeeInvis .   y - +1 broad axe (freeze)
rCold   . . .      Faith    .   c - +0 buckler
rNeg    + . .      Spirit   +   o - +1 plate armour
rPois   .          Reflect  .   (helmet restricted)
rElec   .          Harm     .   t - +0 cloak
rCorr   +          Rampage  .   q - +0 pair of gloves
Will    +....                   v - +1 pair of boots
Stlth   ..........              k - amulet of guardian spirit
HPRegen 0.25/turn               x - ring "Eges" {+Blink rN+ Will+ rCorr Dex-4}
MPRegen 0.11/turn               (no ring)

@: corroded
A: horns 2, retaliatory headbutt
a: Renounce Religion, Evoke Blink


You were on level 8 of the Dungeon.
You worshipped Trog.
Trog was noncommittal.
You visited 2 branches of the dungeon, and saw 9 of its levels.

You collected 454 gold pieces.

Inventory:

Hand Weapons
 a - a +1 war axe
 d - a +0 flail
 y - a +1 broad axe of freezing (weapon)
Missiles
 e - 6 poisoned darts (quivered)
 w - 6 javelins
Armour
 c - a +0 buckler (worn)
 o - a +1 plate armour (worn)
 q - a +0 pair of gloves (worn)
 t - a +0 cloak (worn)
 v - a +1 pair of boots (worn)
Jewellery
 b - a ring of wizardry
 k - an amulet of guardian spirit (around neck)
 l - an amulet of the acrobat
 x - the ring "Eges" (left hand) {+Blink rN+ Will+ rCorr Dex-4}
   (You found it on level 5 of the Dungeon)

   [ring of resist corrosion]

   Dex:       It affects your dexterity (-4).
   rN:        It protects you from negative energy.
   +Blink:    It lets you blink.
   rCorr:     It protects you from acid and corrosion.
   Will:      It increases your willpower.
 z - a +6 ring of intelligence
Wands
 r - a wand of paralysis (1)
 D - a wand of acid (8)
 E - a wand of flame (14)
Scrolls
 h - a scroll of teleportation
 B - a scroll of enchant armour
 F - a scroll of amnesia
 G - 3 scrolls of fear
Potions
 f - 4 potions of cancellation
 g - a potion of degeneration
 i - a potion of magic
 j - 4 potions of curing
 m - a potion of ambrosia
 n - 2 potions of brilliance
 p - a potion of mutation
 u - a potion of flight
 A - a potion of lignification
 C - 2 potions of haste


   Skills:
 * Level 9.1 Fighting
 * Level 8.6 Axes
 * Level 9.1 Armour
 + Level 5.1 Dodging
 * Level 9.1 Shields


You had 9 spell levels left.
You didn't know any spells.
Your spell library contained the following spells:

 Spells                   Type           Power      Damage    Failure   Level
 Beastly Appendage        Tmut           0%         N/A       100%        1
 Corpse Rot               Necr/Air       0%         N/A       100%        2
 Wereblood                Tmut           0%         N/A       100%        2
 Spider Form              Tmut/Pois      0%         N/A       100%        3
 Stone Arrow              Conj/Erth      0%         3d7       100%        3
 Animate Armour           Summ/Erth      0%         N/A       100%        4
 Dispel Undead            Necr           0%         3d6       100%        4
 Death Channel            Necr           0%         N/A       100%        6
 Lehudib's Crystal Spear  Conj/Erth      0%         10d2      100%        8


Dungeon Overview and Level Annotations

Branches:
Dungeon (8/15)             Temple (1/1) D:7
   Lair: D:8-11

Altars:
Ashenzari
Cheibriados
Dithmenos
Elyvilon
Gozag
Kikubaaqudgha
Makhleb
Nemelex Xobeh
Okawaru
Qazlal
Trog
Xom

Shops:
D:1 [   D:4 *   D:5 (


Innate Abilities, Weirdness & Mutations

You have a pair of horns on your head.
You reflexively headbutt those who attack you in melee.


Message History

You hit the acid dragon. You freeze the acid dragon.
The acid dragon is almost dead.
The acid dragon spits acid at you. The splash of acid hits you. You resist.
* * * LOW HITPOINT WARNING * * *
You hit the acid dragon but do no damage.
The acid dragon is almost dead.
The acid dragon barely misses you. You block the acid dragon's attack.
You hit the acid dragon. You freeze the acid dragon.
You kill the acid dragon!
Trog accepts your kill.
You barely miss the orc.
The electric eel shoots out a bolt of lightning at you!
The bolt of electricity hits you!
* * * LOW HITPOINT WARNING * * *
The bolt of electricity hits you but does no damage.
The orc barely misses you.
Okay, then.
You feel much better. The orc hits you but does no damage.
You closely miss the orc. The orc barely misses you.
You barely miss the orc. You headbutt the orc.
The orc is heavily wounded.
The orc hits you with a +0 hand axe.
* * * LOW HITPOINT WARNING * * *
The orc hits you but does no damage.
You slash the orc! You freeze the orc.
You kill the orc!
Trog accepts your kill.
Items here: ))) [[.
Things that are here:
a +0 flail; a +0 short sword The electric eel shoots out a bolt of lightning at you!
The bolt of electricity hits you!
* * * LOW HITPOINT WARNING * * *
The bolt of electricity hits you!
* * * LOW HITPOINT WARNING * * *
Items here: ))) [[.
The electric eel shoots out a bolt of lightning at you!
The bolt of electricity hits you!
You die...

#.#
###.[####
##..≈.≈..#
...#≈.≈#.#
...g≈.≈..#
...g≈.≈..#
..g#≈.≈#.#
##.gS.≈))#
#gg≈.≈.@#
..P#≈.≈#.#
....≈.≈..#
...P≈.≈..##
..##≈.≈#..##
. #≈.≈##..#
#≈≈.≈ ##.#
#≈≈... #.#
#≈⌠._ #.#


You could see a gnoll sergeant, an electric eel and 5 gnolls.

Vanquished Creatures
  Pikel (D:4)
  A cyclops (D:7)
  Sigmund (D:6)
  3 steam dragons
  Edmund (D:4)
  2 acid dragons
  2 water moccasins
  3 orc warriors
  2 sky beasts (D:5)
  An ice beast (D:6)
  An ogre (D:5)
  A black bear (D:4)
  A centaur (D:7)
  A lemure (D:4)
  2 bullfrogs
  A necrophage (D:6)
  5 scorpions
  An electric eel (D:8)
  3 howler monkeys
  2 jellies
  5 orc priests
  Crazy Yiuf (D:4)
  Ijyb (D:4)
  10 orc wizards
  5 iguanas
  6 adders
  3 gnolls (D:3)
  2 shadow imps
  4 white imps
  An ufetubus (D:7)
  2 worms
  A dart slug (D:4)
  28 orcs
  2 ball pythons
  2 bats
  3 endoplasms
  4 giant cockroaches (D:2)
  7 goblins
  3 hobgoblins
  2 quokkas
  5 frilled lizards
  8 kobolds
  6 rats
146 creatures vanquished.

Vanquished Creatures (others)
  5 plants (D:8)
5 creatures vanquished.

Grand Total: 151 creatures vanquished

Notes
Turn   | Place    | Note
-------+----------+-------------------------------------------
     0 | D:1      | sammy202020 the Minotaur Fighter began the quest for the
                  | Orb.
     0 | D:1      | Reached XP level 1. HP: 19/19 MP: 0/0
    77 | D:1      | Reached XP level 2. HP: 25/27 MP: 1/1
   382 | D:1      | Found Hiluxavoi's Antique Armour Shop.
   807 | D:2      | Reached XP level 3. HP: 31/33 MP: 2/2
   965 | D:2      | Reached skill level 1 in Dodging
   972 | D:2      | Reached XP level 4. HP: 34/40 MP: 3/3
  1524 | D:3      | Reached XP level 5. HP: 37/47 MP: 4/4
  1665 | D:3      | Found a snail-covered altar of Cheibriados.
  1769 | D:3      | HP: 2/47 [gnoll/+0 spear (1)]
  2537 | D:4      | Found a burning altar of Makhleb.
  2541 | D:4      | Reached skill level 5 in Armour
  2544 | D:4      | Reached skill level 5 in Fighting
  2545 | D:4      | Reached XP level 6. HP: 49/56 MP: 3/5
  2546 | D:4      | Reached skill level 5 in Shields
  2585 | D:4      | Noticed Ijyb
  2589 | D:4      | Paralysed by Ijyb for 3 turns
  2602 | D:4      | Killed Ijyb
  2658 | D:4      | Noticed Edmund
  2663 | D:4      | Noticed a steam dragon
  2671 | D:4      | Killed Edmund
  2672 | D:4      | Reached XP level 7. HP: 17/61 MP: 2/6
  2674 | D:4      | Killed a steam dragon
  2675 | D:4      | Reached skill level 5 in Axes
  3309 | D:4      | Found Goosaney's Assorted Antiques.
  3429 | D:4      | Noticed Pikel
  3445 | D:4      | Killed Pikel
  3446 | D:4      | Reached XP level 8. HP: 48/71 MP: 5/7
  3569 | D:4      | Found a runed translucent door.
  3570 | D:4      | Noticed Crazy Yiuf
  3611 | D:4      | Killed Crazy Yiuf
  3728 | D:5      | Entered Level 5 of the Dungeon
  3734 | D:5      | Identified the ring "Eges" {+Blink rN+ Will+ rCorr Dex-4}
  4070 | D:5      | Found Ithedd's Antique Weapon Emporium.
  5289 | D:6      | Reached XP level 9. HP: 57/79 MP: 8/8
  5291 | D:6      | Identified a scroll of acquirement
  5291 | D:6      | Acquired a +1 broad axe of freezing
  5873 | D:6      | Found a stormy altar of Qazlal.
  6005 | D:6      | Noticed Sigmund
  6011 | D:6      | Killed Sigmund
  6317 | D:6      | Found a sparkling altar of Nemelex Xobeh.
  6497 | D:7      | Found a staircase to the Ecumenical Temple.
  6545 | Temple   | Entered the Ecumenical Temple
  6561 | Temple   | Became a worshipper of Trog the Wrathful
  7265 | D:7      | Noticed a cyclops
  7272 | D:7      | Killed a cyclops
  7273 | D:7      | Reached skill level 5 in Dodging
  7273 | D:7      | Reached XP level 10. HP: 58/91 MP: 5/9
  7751 | D:8      | Found a white marble altar of Elyvilon.
  7854 | D:8      | Killed from afar by an electric eel

Illustrated notes

Levels and vault maps discovered:
D:1:      mrwooster_arrival_statue, layout_rooms, serial_shops,
          nicolae_lakefront_shop
D:2:      layout_loops_cross
D:3:      layout_basic, lemuel_crystal_altar, minivault_11,
          kennysheep_decorative_pillar, minmay_misc_feat_plants,
          bh_walls_and_bars
D:4:      layout_basic, mainiacjoe_overflow_boulevard, serial_shops,
          kennysheep_little_box, uniq_ijyb, uniq_edmund,
          uniq_crazy_yiuf_cottage, uniq_pikel
D:5:      layout_basic, serial_shops, nicolae_shop_overgrown_old_shop,
          minivault_19
D:6:      kennysheep_spiral_hall, layout_loops_corners,
          mainiacjoe_overflow_catwalk, mainiacjoe_overflow_alcove_1,
          uniq_sigmund
D:7:      layout_basic, minmay_temple_entry_stoned_glass
D:8:      layout_basic, nicolae_elyvilon_temple_path, serial_shops, shop,
          minmay_fountain_box, dk_vineyard_3, chequers_decorated_corner,
          wad_floor_pattern_1, uniq_grum
Temple:   eino_temple_rhombus

Skill      XL: |  1  2  3  4  5  6  7  8  9 |
---------------+----------------------------+-----
Fighting       | 4 5 6 7 9 |  9.1
Shields        | 4 5 6 7 9 |  9.1
Armour         | 4 5 6 7 9 |  9.1
Axes           | 3 4 5 7 8 |  8.6
Dodging        | 1 2 3 4 5 |  5.1

Action                   |  1- 3 |  4- 6 |  7- 9 | 10-12 || total
-------------------------+-------+-------+-------+-------++-------
Melee: War axe           |    90 |    95 |   132 |       ||   317
       Headbutt          |     8 |    10 |    43 |     7 ||    68
       Broad axe         |       |       |   125 |    28 ||   153
  Use: Scroll            |     5 |     3 |    14 |       ||    22
       Potion            |       |     1 |       |     1 ||     2
Armor: Scale mail        |    12 |       |       |       ||    12
       Plate armour      |    34 |    56 |   173 |    17 ||   280
Dodge: Dodged            |    36 |    33 |    58 |    17 ||   144
Block: Buckler           |    20 |    16 |    51 |     6 ||    93

Table legend: (Time is in decaauts)
 A = Elapsed time spent in this place.
 B = Non-inter-level travel time spent in this place.
 C = Inter-level travel time spent in this place.
 D = Time resting spent in this place.
 E = Time spent auto-exploring this place.
 F = Levels seen in this place.
 G = Mean time per level.
                   A        B        C        D        E       F      G
               +--------+--------+--------+--------+--------+-----+--------+
         Total |   7988 |   7884 |    104 |    626 |   5661 |   9 |  887.6 |
       Dungeon |   7966 |   7862 |    104 |    626 |   5661 |   8 |  995.8 |
        Temple |     22 |     22 |      0 |      0 |      0 |   1 |   22.0 |
               +--------+--------+--------+--------+--------+-----+--------+

Top non-repeatable levels by time:
     D:5: 1514 daAuts
     D:6: 1289 daAuts
     D:4: 1235 daAuts
     D:3: 1145 daAuts
     D:7: 1140 daAuts
     D:2: 838 daAuts
     D:1: 589 daAuts
     D:8: 212 daAuts
  Temple: 22 daAuts
